 Dungeon Crawl Stone Soup version 0.29.1-2-gbd0b4ee654 (webtiles) character file.

Game seed: 12565066792805585315

4978 avis the Severer (level 10, 0/90 HPs)
             Began as a Hill Orc Monk on Oct 29, 2022.
             Slain by a two-headed ogre
             ... wielding a +0 giant club
              (13 damage)
             ... on level 9 of the Dungeon on Oct 30, 2022.
             The game lasted 00:53:58 (13014 turns).

avis the Severer (Hill Orc Monk)                   Turns: 13014, Time: 00:53:59

Health: 0/90       AC: 10    Str: 25    XL:     10   Next: 53%
Magic:  0/10       EV: 11    Int: 10    God:
Gold:   132        SH:  0    Dex: 13    Spells: 9/9 levels left

rFire   . . .      SeeInvis .   a - +0 broad axe (flame)
rCold   + . .      Faith    .   (no shield)
rNeg    . . .      Spirit   +   L - +0 swamp dragon scales
rPois   +          Reflect  .   B - +0 helmet
rElec   .          Harm     .   R - +0 cloak
rCorr   .          Rampage  .   (no gloves)
Will    .....                   F - +0 pair of boots
Stlth   ..........              G - amulet of guardian spirit
HPRegen 0.25/turn               D - ring of protection from cold
MPRegen 0.12/turn               O - +6 ring of strength

@: confused, ambrosia-drunk
A: no striking features
a: no special abilities


You were on level 9 of the Dungeon.
You visited 2 branches of the dungeon, and saw 10 of its levels.

You collected 450 gold pieces.
You spent 318 gold pieces at shops.

Inventory:

Hand Weapons
 a - a +0 broad axe of flaming (weapon)
 b - a +0 sling
 i - a +0 halberd
 w - a +2 short sword of venom
 P - a +0 shortbow
 S - a +0 glaive
Missiles
 p - 32 stones (quivered)
 z - 7 poisoned darts
 J - 5 atropa-tipped darts
Armour
 B - a +0 helmet (worn)
 F - a +0 pair of boots (worn)
 L - +0 swamp dragon scales (worn)
 R - a +0 cloak (worn)
 T - a +0 chain mail
Jewellery
 D - a ring of protection from cold (left hand)
 G - an amulet of guardian spirit (around neck)
 O - a +6 ring of strength (right hand)
Wands
 q - a wand of iceblast (10)
 x - a wand of polymorph (3)
 y - a wand of flame (6)
Scrolls
 e - 2 scrolls of amnesia
 f - 2 scrolls of blinking {unknown}
 h - 2 scrolls of immolation
 k - a scroll of acquirement {unknown}
 m - 2 scrolls of torment {unknown}
 o - 3 scrolls of fear
 r - 2 scrolls of poison {unknown}
 t - 3 scrolls of enchant armour
 v - a scroll of noise {unknown}
 A - a scroll of enchant weapon {unknown}
 E - 3 scrolls of silence {unknown}
 H - 3 scrolls of teleportation
 I - a scroll of magic mapping {unknown}
 N - a scroll of vulnerability
Potions
 d - a potion of curing
 g - 2 potions of magic
 l - a potion of haste
 n - a potion of berserk rage
 s - 2 potions of cancellation
 u - 2 potions of might
 K - 2 potions of attraction
 M - 2 potions of brilliance
 Q - a potion of resistance
Miscellaneous
 j - a phial of floods
 C - a piece from Xom's chessboard (15/15)


   Skills:
 + Level 8.6 Fighting
 * Level 17.7 Axes
 - Level 2.4 Dodging
 - Level 1.5 Stealth


You had 9 spell levels left.
You didn't know any spells.
Your spell library contained the following spells:

 Spells                   Type           Power      Damage    Failure   Level
 Magic Dart               Conj           0%         1d3       52%         1
 Slow                     Hex            0%         N/A       52%         1
 Call Imp                 Summ           0%         N/A       65%         2
 Confusing Touch          Hex            0%         N/A       87%         3
 Mephitic Cloud           Conj/Pois/Air  0%         N/A       87%         3
 Vampiric Draining        Necr           0%         2d6       87%         3


Dungeon Overview and Level Annotations

Branches:
Dungeon (9/15)             Temple (1/1) D:6            Lair (0/5) D:8
    Orc: D:9-12

Altars:
Ashenzari
Dithmenos
Elyvilon
Fedhas
Gozag
Kikubaaqudgha
Makhleb
Nemelex Xobeh
Okawaru
Qazlal
Ru
Sif Muna
Trog
Uskayaw
Vehumet
Wu Jian
Xom
Yredelemnul
Zin
The Shining One

Shops:
D:2 [   D:7 ?

Annotations:
D:2 Armour shop unreachable


Message History

Something hits you but does no damage. The orc barely misses you.
The orc wizard hits you with a +0 dagger.
In your confused state, you trip and fall back down the stairs.
Something hits you but does no damage. The orc closely misses you.
The orc wizard casts a spell at you.
The magic dart hits you but does no damage.
Something hits you. The orc barely misses you.
The orc wizard barely misses you.
In your confused state, you trip and fall back down the stairs.
Something hits you but does no damage. The orc misses you.
You're too confused to move!
Something hits you but does no damage. The orc closely misses you.
Unknown command.
You closely miss the two-headed ogre. You slash something! You burn something.
Reactivating autopickup.
You feel a bit more experienced.
You slash the orc! You burn the orc.
You kill the orc!
The two-headed ogre hits you with a +0 giant club! x2
You hit the two-headed ogre. You burn the two-headed ogre.
The two-headed ogre is lightly wounded.
You slash the orc wizard! You burn the orc wizard.
You kill the orc wizard!
You bump into the rock wall.
You feel less confused. The two-headed ogre barely misses you.
The two-headed ogre hits you with a +0 giant club!!
You feel better.
The two-headed ogre hits you with a +0 giant club! x2
* * * LOW HITPOINT WARNING * * *
You are confused.
You feel invigorated.
You bump into the rock wall.
The two-headed ogre closely misses you. The two-headed ogre barely misses you.
You completely miss the two-headed ogre.
The two-headed ogre is lightly wounded.
You bump into the rock wall.
The two-headed ogre hits you with a +0 giant club!!
* * * LOW HITPOINT WARNING * * *
The two-headed ogre hits you with a +0 giant club!
You die...

#. .# #.#.#
#.#.# #.#.#
#.#.# .#.##
#######...######
#......))......#
......#O@.####.
...<. ##### ....
... .O #


You could see a two-headed ogre.

Vanquished Creatures
  Pikel (D:5)
  Maggie (D:6)
  Sigmund (D:6)
  7 yaks
  A steam dragon (D:8)
  Menkaure (D:4)
  2 water moccasins
  An ice beast (D:6)
  The ghost of Icepheonix32 the Covered, an amateur MiFi (D:3)
  2 orc warriors (D:8)
  A centaur (D:8)
  2 lemures (D:5)
  6 bullfrogs
  2 wyvern zombies (D:8)
  2 necrophages (D:5)
  7 scorpions
  3 wights (D:6)
  A howler monkey (D:7)
  2 centaur zombies (D:8)
  6 hounds
  2 jellies
  Crazy Yiuf (D:6)
  6 iguanas
  4 orc wizards
  2 killer bee zombies (D:8)
  3 howler monkey zombies (D:8)
  Robin (D:3)
  3 gnolls (D:7)
  10 adders
  2 shadow imps
  3 ufetubi
  A worm (D:2)
  3 dart slugs
  18 orcs
  4 ball pythons
  2 bats
  7 endoplasms
  6 giant cockroaches
  13 goblins
  7 hobgoblins
  A jackal (D:1)
  7 kobolds
  4 quokkas
  3 frilled lizards
  6 rats
  2 butterflies (D:4)
171 creatures vanquished.

Vanquished Creatures (others)
  A goblin (D:3)
  11 fungi
  8 plants (D:8)
20 creatures vanquished.

Grand Total: 191 creatures vanquished

Notes
Turn   | Place    | Note
-------+----------+-------------------------------------------
     0 | D:1      | avis the Hill Orc Monk began the quest for the Orb.
     0 | D:1      | Reached XP level 1. HP: 19/19 MP: 1/1
   166 | D:1      | Reached XP level 2. HP: 6/26 MP: 2/2
   703 | D:1      | Found a faded altar of an unknown god.
   780 | D:1      | Reached skill level 5 in Axes
  1492 | D:2      | Reached XP level 3. HP: 31/31 MP: 3/3
  1579 | D:2      | Reached skill level 6 in Axes
  1675 | D:2      | Found Vimnuur's Antique Armour Shop.
  1797 | D:2      | Reached XP level 4. HP: 28/39 MP: 4/4
  2591 | D:3      | Found an opulent altar of Gozag.
  3222 | D:3      | Noticed Robin
  3269 | D:3      | Reached skill level 7 in Axes
  3272 | D:3      | Killed Robin
  3273 | D:3      | Reached XP level 5. HP: 10/46 MP: 5/5
  3456 | D:3      | Found a large runed translucent door.
  3456 | D:3      | Found a large runed translucent door.
  3460 | D:3      | Noticed Icepheonix32's ghost (amateur MiFi)
  4022 | D:4      | Found a shimmering altar of Xom.
  4086 | D:3      | Reached skill level 8 in Axes
  4086 | D:3      | Reached XP level 6. HP: 39/53 MP: 6/6
  4392 | D:4      | Found a hide-covered altar of Uskayaw.
  4563 | D:4      | Found a blossoming altar of Fedhas.
  4582 | D:4      | Found an ancient bone altar of Kikubaaqudgha.
  4587 | D:4      | Found an ornate altar of the Wu Jian Council.
  4967 | D:4      | Found a glowing golden altar of the Shining One.
  5099 | D:4      | Noticed Menkaure
  5750 | D:5      | Entered Level 5 of the Dungeon
  5841 | D:5      | Reached skill level 5 in Fighting
  5852 | D:5      | Reached skill level 9 in Axes
  6099 | D:5      | Reached XP level 7. HP: 61/61 MP: 7/7
  6297 | D:5      | Reached skill level 10 in Axes
  6767 | D:5      | Found a stormy altar of Qazlal.
  6774 | D:5      | Found a white marble altar of Elyvilon.
  6844 | D:5      | Found a broken altar of Ashenzari.
  7480 | D:6      | Reached skill level 11 in Axes
  7487 | D:6      | Found a staircase to the Ecumenical Temple.
  7510 | Temple   | Entered the Ecumenical Temple
  7719 | D:6      | Reached XP level 8. HP: 66/69 MP: 6/8
  7843 | D:6      | Noticed Sigmund
  7961 | D:6      | Noticed Pikel
  8011 | D:5      | Killed Pikel
  8012 | D:5      | Reached skill level 12 in Axes
  8238 | D:6      | Killed Sigmund
  8664 | D:6      | Reached skill level 13 in Axes
  8729 | D:6      | Found a runed translucent door.
  8731 | D:6      | Noticed Crazy Yiuf
  8768 | D:6      | Reached XP level 9. HP: 52/79 MP: 7/9
  8931 | D:6      | Noticed Maggie
  8940 | D:6      | Killed Maggie
  8941 | D:6      | Reached skill level 14 in Axes
  9818 | D:6      | Killed Crazy Yiuf
 10221 | D:4      | Killed Menkaure
 10449 | D:3      | Killed Icepheonix32's ghost
 10450 | D:3      | Reached skill level 15 in Axes
 11291 | D:7      | Reached skill level 16 in Axes
 11539 | D:7      | Found Zuuna's Magic Scroll Shop.
 11548 | D:7      | Bought a scroll of teleportation for 36 gold pieces
 11548 | D:7      | Bought a scroll of enchant armour for 90 gold pieces
 11548 | D:7      | Bought a scroll of amnesia for 48 gold pieces
 11548 | D:7      | Bought a scroll of fear for 48 gold pieces
 11548 | D:7      | Bought a scroll of immolation for 48 gold pieces
 11548 | D:7      | Bought a scroll of vulnerability for 48 gold pieces
 11716 | D:7      | Reached XP level 10. HP: 55/86 MP: 6/10
 11973 | D:7      | Reached skill level 17 in Axes
 12240 | D:8      | Found a basalt altar of Yredelemnul.
 12467 | D:8      | Found an iron altar of Okawaru.
 12703 | D:8      | Found a staircase to the Lair.
 12997 | D:9      | Noticed a two-headed ogre
 13014 | D:9      | Slain by a two-headed ogre

Illustrated notes

Levels and vault maps discovered:
D:1:      dpeg_arrival_brainrot, layout_loops_corners,
          shapermc_ecumenical_altar_mp_ritualfount
D:2:      layout_basic, serial_shops, shop_statue
D:3:      layout_loops_corners, mainiacjoe_overflow_cross_hatched,
          ebering_ghost_disaster_area, uniq_robin
D:4:      layout_cave_pods, nicolae_tso_swordbearing_angel, xom_butterflies,
          mainiacjoe_overflow_brackets, minitemple,
          nicolae_concentric_dashed_squares_mild, minmay_misc_feat_x,
          uniq_menkaure
D:5:      layout_basic, amethyst_overflow_temple_binary,
          nicolae_ashenzari_panopticon
D:6:      layout_basic, minmay_temple_entry_tees, grunt_decor_mini_mirrors,
          grunt_decor_clamped, uniq_crazy_yiuf_cottage, uniq_sigmund,
          uniq_pikel, uniq_maggie
D:7:      layout_loops_ring, serial_shops, shop, minivault_22
D:8:      layout_cave_pools, nicolae_yredelemnul_corpse_copse,
          mainiacjoe_overflow_alcove_1, grunt_lair_entry_orc_guard_hut,
          minmay_crystal_room
D:9:      layout_loops_ring, lemuel_round_altar, slow_altar_1
Temple:   nicolae_temple_superstar

Skill      XL: |  1  2  3  4  5  6  7  8  9 10 |
---------------+-------------------------------+-----
Axes           | 5 6 7 8 9 11 13 16 17 | 17.7
Fighting       | 4 5 7 8 |  8.6
Dodging        | |  2.4
Stealth        | |  1.5

Action                   |  1- 3 |  4- 6 |  7- 9 | 10-12 || total
-------------------------+-------+-------+-------+-------++-------
Melee: Hand axe          |   114 |   207 |   271 |       ||   592
       Punch             |     2 |     2 |     4 |     1 ||     9
       Broad axe         |       |       |    90 |   104 ||   194
 Fire: Sling             |       |    31 |    11 |       ||    42
Throw: Stone             |     7 |       |       |       ||     7
Evoke: Wand              |       |       |     9 |       ||     9
  Use: Scroll            |       |     9 |     3 |     1 ||    13
       Potion            |       |     3 |     2 |     2 ||     7
 Stab: Sleeping          |     1 |       |       |     2 ||     3
Armor: Robe              |     3 |       |       |       ||     3
       Chain mail        |    64 |   119 |   114 |       ||   297
       Skin              |       |    17 |       |       ||    17
       Swamp dragon scal |       |       |    22 |    33 ||    55
Dodge: Dodged            |    42 |    60 |   101 |    50 ||   253
